 Dungeon Crawl Stone Soup version 0.19-a0-1401-g902f63d (webtiles) character file.

140 4thArraOfDagon the Ruffian (level 5, 0/45 HPs)
             Began as a Troll Ice Elementalist on Sept 4, 2016.
             Was a Follower of Dithmenos.
             Slain by an orc wizard
             ... wielding a +0 dagger
              (5 damage)
             ... on level 4 of the Dungeon.
             The game lasted 00:02:25 (482 turns).

4thArraOfDagon the Ruffian (Troll Ice Elementalist)  Turns: 482, Time: 00:02:25

Health: 0/45       AC:  5    Str: 21    XL:     5   Next: 2%
Magic:  5/5        EV: 10    Int: 12    God:    Dithmenos [*.....]
Gold:   56         SH:  0    Dex: 10    Spells: 1 memorised, 5 levels left

rFire  . . .     SeeInvis .       - Unarmed
rCold  . . .     Gourm    +     a - +0 robe
rNeg   . . .     Faith    .     (no shield)
rPois  .         Spirit   .     (helmet restricted)
rElec  .         Dismiss  .     (no cloak)
rCorr  .         Reflect  .     (gloves unavailable)
MR     .....     Harm     .     (boots unavailable)
Stlth  +.........               (no amulet)
                                (no ring)
                                (no ring)

@: mighty, wreathed by umbra, drained
A: unfitting armour, claws 3, fast metabolism 3, gourmand, regeneration 1,
shaggy fur 1, tough skin 2
a: Renounce Religion


You were on level 4 of the Dungeon.
You worshipped Dithmenos.
Dithmenos was aware of your devotion.
You were not hungry.

You visited 1 branch of the dungeon, and saw 5 of its levels.

You collected 56 gold pieces.

Inventory:

Armour
 a - a +0 robe (worn)
Magical Staves
 f - an uncursed staff of earth
 i - an uncursed staff of energy {!a}
Scrolls
 e - 3 scrolls of identify
 g - a scroll of amnesia {unknown}
 h - a scroll of fear {unknown}
Potions
 d - a potion of might
Books
 b - a book of Frost

   Spells                             Type                      Level
   a - Freeze                         Ice                          1
   b - Throw Frost                    Conjuration/Ice              2
   c - Ozocubu's Armour               Charms/Ice                   3
   d - Throw Icicle                   Conjuration/Ice              4
   e - Summon Ice Beast               Ice/Summoning                4
Comestibles
 c - 4 bread rations


   Skills:
 - Level 1.5 Dodging
 - Level 1.1(1.0) Stealth
 * Level 4.7(4.6) Unarmed Combat
 - Level 1.2(1.1) Spellcasting
   Level 0.6(0.5) Conjurations
 - Level 2.1 Ice Magic


You had 5 spell levels left.
You knew the following spells:

 Your Spells              Type           Power        Failure   Level  Hunger
a - Freeze                Ice            #...         14%         1    ##.....


Dungeon Overview and Level Annotations

Branches:
Dungeon (5/15)
 Temple: D:4-7

Altars:
Ashenzari
Dithmenos
Hepliaklqana
Kikubaaqudgha
Makhleb
Qazlal
Ru
Sif Muna
Zin


Innate Abilities, Weirdness & Mutations

You are too large for most types of armour.
You have claws for hands.
Your metabolism is lightning-fast.
You like to eat raw meat.
Your natural rate of healing is unusually fast.
You are covered in fur. (AC +1)
You have very tough skin. (AC +2)


Message History

* * * LOW HITPOINT WARNING * * *
You barely miss something. Something completely misses you.
You closely miss something. Something hits you but does no damage.
You miss something. Something hits you but does no damage.
Unknown command.
You miss something.
You hear some strange, mumbled words.
A magic dart appears from out of thin air!
The magic dart hits you!
* * * LOW HITPOINT WARNING * * *
Unknown command.
You closely miss something. Something hits you.
* * * LOW HITPOINT WARNING * * *
Unknown command.
Unknown command.
You closely miss something.
Unknown command.
Unknown command.
You barely miss something. Something hits you.
You die...

##### _.._
.... #..##
....
###..###
#_...._#
###
###..###
...
#@{{.._#
#.#
###..### .#
#_...._# #
##8..8##
##..## #.##
##
#.########.
.... ..#
#........[.
#.## #.#
##.#######.
#.# #.##..


There were no monsters in sight!

Vanquished Creatures
  A scorpion (D:4)
  2 orc priests (D:4)
  2 adders (D:3)
  A worm (D:2)
  3 orcs (D:4)
  2 goblins (D:2)
  A quokka (D:4)
  3 kobolds (D:2)
  2 rats (D:2)
17 creatures vanquished.

Notes
Turn   | Place    | Note
-------+----------+-------------------------------------------
     0 | D:1      | 4thArraOfDagon the Troll Ice Elementalist began the quest for the Orb.
     0 | D:1      | Reached XP level 1. HP: 16/16 MP: 1/1
    64 | D:2      | Reached skill level 1 in Unarmed Combat
    69 | D:2      | Found a faded altar of an unknown god.
    75 | D:2      | Reached XP level 2. HP: 15/24 MP: 2/2
    79 | D:2      | Became a worshipper of Dithmenos the Shadowed
    79 | D:2      | Reached * piety under Dithmenos
   185 | D:3      | Reached skill level 2 in Unarmed Combat
   212 | D:3      | Reached XP level 3. HP: 23/31 MP: 3/3
   244 | D:4      | Noticed a scorpion
   257 | D:4      | Killed a scorpion
   257 | D:4      | Reached skill level 3 in Unarmed Combat
   257 | D:4      | Reached XP level 4. HP: 39/39 MP: 4/4
   367 | D:4      | Reached skill level 4 in Unarmed Combat
   386 | D:5      | Entered Level 5 of the Dungeon
   425 | D:4      | Found a hazy altar of Hepliaklqana.
   444 | D:4      | Reached XP level 5. HP: 32/45 MP: 5/5
   453 | D:4      | Found a burning altar of Makhleb.
   456 | D:4      | Found a glowing silver altar of Zin.
   457 | D:4      | Found a sacrificial altar of Ru.
   458 | D:4      | Found a deep blue altar of Sif Muna.
   458 | D:4      | Found a shattered altar of Ashenzari.
   458 | D:4      | Found a stormy altar of Qazlal.
   459 | D:4      | Found an ancient bone altar of Kikubaaqudgha.
   482 | D:4      | Slain by an orc wizard

Vault maps used:
D:1:      dpeg_arrival_arbitrary_c
D:2:      ecumenical_altar_2, minivault_25, solitary_fountain, fedhas_altar_1
D:4:      minitemple, nicolae_ashenzari_panopticon
D:5:      first_bread, okawaru_gym_becter

Skill      XL: |  1  2  3  4 |
---------------+-------------+-----
Unarmed Combat | 1 2 3 4 |  4.7
Dodging        | |  1.5
Stealth        | |  1.1
Spellcasting   | |  1.2
Conjurations   | |  0.6
Ice Magic      | |  2.1

Action                   |  1- 3 |  4- 6 || total
-------------------------+-------+-------++-------
Melee: Unarmed           |    48 |    38 ||    86
  Use: Scroll            |       |     1 ||     1
       Potion            |       |     1 ||     1
 Stab: Sleeping          |     2 |       ||     2
  Eat: Chunk             |       |     4 ||     4
Armor: Robe              |    12 |    10 ||    22
Dodge: Dodged            |    28 |    12 ||    40
